 Dungeon Crawl Stone Soup version 0.22-a0-443-g17c3723 (webtiles) character file.

19 Venoistic the Charmwright (level 2, 0/18 HPs)
             Began as a Kobold Skald on June 1, 2018.
             Slain by a ball python (1 damage)
             ... on level 2 of the Dungeon.
             The game lasted 00:17:33 (1116 turns).

Venoistic the Charmwright (Kobold Skald)            Turns: 1116, Time: 00:17:33

Health: 0/18       AC:  4    Str:  8    XL:     2   Next: 95%
Magic:  5/5        EV: 11    Int: 14    God:
Gold:   49         SH:  0    Dex: 14    Spells: 4/5 levels left

rFire    . . .     SeeInvis .   a - +0 spear
rCold    . . .     Gourm    .   (shield restricted)
rNeg     . . .     Faith    .   b - +0 leather armour
rPois    .         Spirit   .   (no helmet)
rElec    .         Reflect  .   (no cloak)
rCorr    .         Harm     .   f - +0 pair of gloves
MR       .....                  (no boots)
Stlth    +.........             (no amulet)
HPRegen  0.06/turn              (no ring)
MPRegen  0.09/turn              (no ring)

@: constricted
A: small, carnivore
a: no special abilities


You were on level 2 of the Dungeon.
You were hungry.

You visited 1 branch of the dungeon, and saw 2 of its levels.

You collected 49 gold pieces.

Inventory:

Hand Weapons
 a - a +0 spear (weapon)
 g - a +0 whip
 j - a +0 dagger
 k - a +0 dagger
 o - a +0 short sword
Missiles
 c - 19 stones (quivered)
 i - 13 arrows
 l - 16 sling bullets
 m - 9 poisoned needles
Armour
 b - a +0 leather armour (worn)
 e - a +0 leather armour
 f - a +0 pair of gloves (worn)
Potions
 h - 2 potions of berserk rage {Sleep, unknown}
 p - a potion of curing {unknown}
Comestibles
 d - a ration


   Skills:
 + Level 2.4 Fighting
 + Level 1.6 Polearms
 + Level 1.3 Armour
 + Level 2.4 Dodging
 + Level 2.2 Spellcasting
 + Level 2.7 Charms


You had 4 spell levels left.
You knew the following spells:

 Your Spells              Type           Power        Failure   Level  Hunger
a - Infusion              Chrm           #...         11%         1    #......

Your spell library contained the following spells:

 Spells                   Type           Power        Failure   Level  Hunger
 Regeneration             Chrm/Necr      #.........   50%         3    ###....
 Shroud of Golubria       Chrm/Tloc      #.........   28%         2    ###....
 Song of Slaying          Chrm           #.......     16%         2    ###....
 Spectral Weapon          Hex/Chrm       #.......     50%         3    ###....


Dungeon Overview and Level Annotations

Branches:
Dungeon (2/15)

Altars:


Innate Abilities, Weirdness & Mutations

You are small and have problems with some larger weapons.
You are carnivorous and can eat meat at any time.


Message History

You climb downwards.
There is a stone staircase leading up here.
The teleport trap disappears.
The hobgoblin disappears!
The kobold hits you but does no damage. The ball python misses you.
The ball python barely misses you.
You open the door. The kobold hits you with a whip.
* * * LOW HITPOINT WARNING * * *
The kobold barely misses you. The ball python misses you.
The ball python grabs you. The ball python constricts you.
Found a coppery potion.
You escape the ball python's grasp.
The kobold throws a stone.
The stone hits you but does no damage.
There is an open door here.
You see here a stone.
As you read the scroll labeled KYJ QUOR FAU, it crumbles to dust.
It is a scroll of amnesia.
Okay, then.
The kobold misses you. The ball python completely misses you.
The ball python grabs you.
You die...

### #.# #.#
#!# #.# #.#
#.#
#####@######
#...gSKg.<.#
#.....K<...#
#..........#
#..........#
#....).....#
+..........+
#....g.....#
#..........#


You could see 2 hobgoblins, a goblin, a ball python and 2 kobolds.

Vanquished Creatures
  8 jackals (D:1)
  2 bats (D:1)
  2 frilled lizards (D:1)
  2 goblins (D:1)
  3 kobolds (D:1)
17 creatures vanquished.

Notes
Turn   | Place    | Note
-------+----------+-------------------------------------------
     0 | D:1      | Venoistic the Kobold Skald began the quest for the Orb.
     0 | D:1      | Reached XP level 1. HP: 12/12 MP: 3/3
   284 | D:1      | Reached skill level 1 in Armour
   510 | D:1      | Reached XP level 2. HP: 13/17 MP: 5/5
  1116 | D:2      | Slain by a ball python

Vault maps used:
D:1:      dpeg_arrival_water_fire, minmay_door_square

Skill      XL: |  1 |
---------------+----+-----
Armour         | 1 |  1.3
Fighting       | |  2.4
Polearms       | |  1.6
Dodging        | |  2.4
Spellcasting   | |  2.2
Charms         | |  2.7

Action                   || total
-------------------------++-------
Melee: Spear             ||    87
  Use: Scroll            ||     2
Armor: Leather armour    ||    24
Dodge: Dodged            ||   104

Table legend:
 A = Spawn XP
 B = Non-spawn XP
 C = Spawn XP percentage of total XP
 D = Spawn monster count
 E = Non-spawn monster count
 F = Spawn count percentage of total count
 G = Total turns spent on level
                    A         B        C        D         E        F      G
               +---------+---------+-------+---------+---------+-------+---------
         Total |       0 |      28 |   0.0 |       0 |      17 |   0.0 |  1116
               +---------+---------+-------+---------+---------+-------+---------
           D:1 |       0 |      28 |   0.0 |       0 |      17 |   0.0 |  1110
               +---------+---------+-------+---------+---------+-------+---------
